 Dungeon Crawl Stone Soup version 0.21.1-1-g345015f (webtiles) character file.

23235 kaesh the Grappler (level 12, -6/126 HPs)
             Began as a Troll Monk on Feb 25, 2018.
             Mangled by a six-headed hydra (7 damage)
             ... on level 4 of the Lair of Beasts.
             The game lasted 00:59:13 (12717 turns).

kaesh the Grappler (Troll Monk)                    Turns: 12717, Time: 00:59:14

Health: -6/126     AC: 18    Str: 29    XL:     12   Next: 70%
Magic:  11/11      EV: 14    Int:  4    God:
Gold:   788        SH: 11    Dex: 12    Spells: 11/11 levels left

rFire    + . .     SeeInvis .   v - +8 flail (protect)
rCold    . . .     Gourm    +   e - +0 shield
rNeg     . . .     Faith    +   w - +0 troll leather armour {Purgy}
rPois    .         Spirit   .   (helmet restricted)
rElec    .         Reflect  .   k - +1 cloak
rCorr    .         Harm     .   (gloves unavailable)
MR       .....                  (boots unavailable)
Stlth    ..........             p - amulet of faith
HPRegen  1.11/turn              B - ring "Tifiseh" {+Inv Str+3 Stlth-}
MPRegen  0.12/turn              s - ring of protection from fire

@: about to teleport, protection aura
A: large, unfitting armour, claws 3, icy blue scales 1, dopey 1, fast metabolism
3, gourmand, regeneration 1, shaggy fur 1, tough skin 2
a: Evoke Invisibility


You were on level 4 of the Lair of Beasts.
You were completely stuffed.

You visited 3 branches of the dungeon, and saw 14 of its levels.
You also visited: Labyrinth and Sewer.

You collected 873 gold pieces.
You spent 85 gold pieces at shops.

Inventory:

Hand Weapons
 g - a +0 giant spiked club
 v - a +8 flail of protection (weapon)
Armour
 e - a +0 shield (worn)
 k - a +1 cloak (worn)
 w - a +0 troll leather armour (worn) {Purgy}
Jewellery
 h - an uncursed ring of see invisible
 i - an uncursed ring of protection from magic
 j - an uncursed ring of wizardry
 l - an uncursed amulet of magic regeneration
 n - an uncursed ring of stealth
 p - an amulet of faith (around neck)
 s - a ring of protection from fire (right claw)
 B - the ring "Tifiseh" (left claw) {+Inv Str+3 Stlth-}
   (You found it on level 9 of the Dungeon)

   [ring of loudness]

   It affects your strength (+3).
   It lets you turn invisible.
   It makes you less stealthy.
 C - an uncursed amulet of the gourmand
 D - an uncursed ring of protection from magic
 L - an uncursed ring of stealth
Wands
 A - a wand of disintegration (22)
 E - a wand of enslavement (9)
 F - a wand of paralysis (19)
 H - a wand of flame (41)
 K - a wand of iceblast (9)
Scrolls
 a - 2 scrolls of fear
 c - 5 scrolls of remove curse
 d - 8 scrolls of identify
 f - 7 scrolls of magic mapping
 m - 3 scrolls of enchant weapon
 o - 3 scrolls of amnesia
 u - 3 scrolls of teleportation
 y - a scroll of fog
 z - 2 scrolls of blinking
 N - a scroll of torment
Potions
 r - a potion of curing
 t - 5 potions of flight
 x - a potion of magic
 J - a potion of brilliance
 M - 2 potions of heal wounds
Books
 q - a book of Maledictions

   Spells                             Type                      Level
   a - Corona                         Hexes                        1
   b - Ensorcelled Hibernation        Hexes/Ice                    2
   c - Confuse                        Hexes                        3
   d - Tukima's Dance                 Hexes                        3
   e - Dazzling Spray                 Conjuration/Hexes            3
 G - a book of Conjurations

   Spells                             Type                      Level
   a - Magic Dart                     Conjuration                  1
   b - Searing Ray                    Conjuration                  2
   c - Dazzling Spray                 Conjuration/Hexes            3
   d - Fulminant Prism                Conjuration/Hexes            4
   e - Force Lance                    Conjuration/Translocation    4
   f - Iskenderun's Mystic Blast      Conjuration                  4
 I - a book of the Sky

   Spells                             Type                      Level
   a - Summon Lightning Spire         Summoning/Air                4
   b - Silence                        Hexes/Air                    5
   c - Deflect Missiles               Charms/Air                   6
   d - Conjure Ball Lightning         Conjuration/Air              6
   e - Tornado                        Air                          9
Comestibles
 b - 33 rations
 O - 16 chunks of flesh


   Skills:
 + Level 10.0 Fighting
 + Level 0.0 Armour
 + Level 10.0 Dodging
 - Level 1.0 Stealth
 + Level 7.1 Shields
 + Level 11.8 Unarmed Combat


You had 11 spell levels left.
You didn't know any spells.

Dungeon Overview and Level Annotations

Branches:
Dungeon (9/15)             Temple (1/1) D:7            Lair (4/6) D:9
 Shoals (0/4) Lair:2
  Snake: Lair:2-4    Spider: Lair:2-4       Orc: D:9-12

Altars:
Ashenzari
Cheibriados
Dithmenos
Elyvilon
Fedhas
Gozag
Hepliaklqana
Kikubaaqudgha
Makhleb
Nemelex Xobeh
Okawaru
Qazlal
Ru
Sif Muna
Trog
Uskayaw
Vehumet
Wu Jian
Xom
Yredelemnul
Zin
The Shining One

Shops:
D:4 !?*:   D:6 !   D:8 :

Annotations:
D:7 2 transporters


Innate Abilities, Weirdness & Mutations

You are too large for most types of armour.
You have claws for hands.
Your metabolism is lightning-fast.
You like to eat raw meat.
Your natural rate of healing is unusually fast.
You are covered in fur. (AC +1)
You have very tough skin. (AC +2)
You are partially covered in icy blue scales. (AC +2)
You are dopey. (Int -2)


Message History

You block the wyvern's attack.
The porcupine bites you but does no damage.
The six-headed hydra barely misses you.
The six-headed hydra bites you but does no damage.
You block the six-headed hydra's attack.
The six-headed hydra closely misses you.
The six-headed hydra bites you.
* * * LOW HITPOINT WARNING * * *
The six-headed hydra bites you but does no damage.
The wyvern bites you but does no damage.
You sock the six-headed hydra!
The six-headed hydra is almost dead.
The porcupine bites you but does no damage.
You block the wyvern's attack. The six-headed hydra barely misses you.
The six-headed hydra completely misses you.
The six-headed hydra bites you.
* * * LOW HITPOINT WARNING * * *
You block the six-headed hydra's attack.
The six-headed hydra bites you!
You die...

...............
#..............
##.................
...................
...................
...................
................... #...
P......r# ....... #...
##......@####.......
##...####.......lD.#........
......##.........P........#
##....##...................
#....................(....#
#..........................
#.............................
##....##......................
#....##...................<..


You could see a six-headed hydra, a wyvern and a porcupine.

Vanquished Creatures
  A minotaur (Lab)
  Erica (D:8)
  A hydra (Lair:1)
  4 two-headed ogres
  Sonja (Lair:2)
  Pikel (D:5)
  4 elephants (Lair:3)
  3 black mambas
  Joseph (D:7)
  3 spiny frogs
  3 minotaur zombies (Lab)
  A hornet (D:9)
  Prince Ribbit (D:5)
  13 blink frogs
  A snapping turtle (Lair:2)
  7 hippogriffs
  21 yaks
  2 basilisks (Lair:1)
  4 hogs (D:8)
  A human (D:8)
  Edmund (D:5)
  4 water moccasins
  Purgy (Sewer)
  2 orc warriors
  4 porcupines
  A black bear (Lair:2)
  5 sky beasts
  An eye of draining (D:9)
  2 slaves (D:5)
  7 ogres
  2 phantoms
  The ghost of jazmu the Chopper, an amateur FoGl (D:3)
  3 centaurs
  3 crocodiles
  A big kobold (D:9)
  6 bullfrogs
  16 killer bees
  2 howler monkeys
  A crimson imp (D:8)
  A centaur zombie (D:6)
  2 hounds
  2 jellies
  An orc priest (D:4)
  A bullfrog skeleton (D:4)
  An orc wizard (D:9)
  A gnoll shaman (D:8)
  4 iguanas
  3 worker ants
  Natasha (thrice) (D:3)
  A hound zombie (D:8)
  2 worker ant zombies
  11 adders
  13 gnolls
  2 shadow imps (D:5)
  2 worms
  3 dart slugs
  7 leopard geckos
  32 orcs
  5 ball pythons
  7 giant cockroaches
  2 gnoll zombies (D:6)
  9 goblins
  12 hobgoblins
  3 jackals (D:7)
  16 kobolds
  2 quokkas
  6 bats
  13 frilled lizards
  2 leopard gecko skeletons
  A leopard gecko zombie (D:5)
  A quokka skeleton (D:6)
  12 rats
320 creatures vanquished.

Vanquished Creatures (others)
  3 fungi
  4 plants
7 creatures vanquished.

Grand Total: 327 creatures vanquished

Notes
Turn   | Place    | Note
-------+----------+-------------------------------------------
     0 | D:1      | kaesh the Troll Monk began the quest for the Orb.
     0 | D:1      | Reached XP level 1. HP: 22/22 MP: 0/0
    59 | D:1      | Reached XP level 2. HP: 14/29 MP: 1/1
   176 | D:1      | Reached XP level 3. HP: 34/36 MP: 2/2
  1016 | D:2      | Reached XP level 4. HP: 45/45 MP: 3/3
  1359 | D:3      | Found a stormy altar of Qazlal.
  1403 | D:3      | Noticed jazmu's ghost (amateur FoGl)
  1412 | D:3      | Killed jazmu's ghost
  1412 | D:3      | Reached skill level 4 in Unarmed Combat
  1412 | D:3      | Reached XP level 5. HP: 28/53 MP: 4/4
  1466 | D:3      | Noticed Natasha
  1471 | D:3      | Killed Natasha
  1709 | D:3      | Found a shadowy altar of Dithmenos.
  1780 | D:3      | Found a faded altar of an unknown god.
  1851 | D:3      | Found a hazy altar of Hepliaklqana.
  1858 | D:3      | Reached XP level 6. HP: 59/62 MP: 5/5
  1878 | D:3      | Noticed Natasha
  1881 | D:3      | Killed Natasha
  1931 | D:3      | Noticed Natasha
  1944 | D:3      | Killed Natasha
  1950 | D:3      | Gained mutation: You are dopey. (Int -2) [potion of mutation]
  1950 | D:3      | Gained mutation: You are partially covered in icy blue scales. (AC +2) [potion of mutation]
  2162 | D:3      | Found a deep blue altar of Sif Muna.
  2387 | D:4      | Reached skill level 5 in Unarmed Combat
  2393 | D:4      | Reached XP level 7. HP: 70/70 MP: 6/6
  2670 | D:4      | Found a snail-covered altar of Cheibriados.
  2692 | D:4      | Found Inylutayt's Assorted Antiques.
  2721 | D:4      | Bought a scroll labeled XIDOMO FEPSEA for 19 gold pieces
  2791 | D:4      | Found Zoin's Magic Scroll Boutique.
  2878 | D:4      | Found Ziolugh's Book Boutique.
  3021 | D:4      | Found Gaugyiq's Distillery.
  3024 | D:4      | Bought a potion of degeneration for 11 gold pieces
  3024 | D:4      | Bought a potion of heal wounds for 55 gold pieces
  3050 | D:5      | Entered Level 5 of the Dungeon
  3050 | D:5      | Found a shadowy altar of Dithmenos.
  3214 | D:5      | Reached skill level 6 in Unarmed Combat
  3245 | D:5      | Noticed Pikel
  3275 | D:5      | Killed Pikel
  3275 | D:5      | Reached skill level 5 in Fighting
  3275 | D:5      | Reached skill level 5 in Dodging
  3275 | D:5      | Reached XP level 8. HP: 58/81 MP: 7/7
  3438 | D:5      | Noticed Prince Ribbit
  3445 | D:5      | Killed Prince Ribbit
  3445 | D:5      | Reached skill level 7 in Unarmed Combat
  3616 | D:5      | Noticed Edmund
  3638 | D:5      | Killed Edmund
  3826 | D:6      | Found Tafriqal's Distillery.
  4077 | D:6      | Reached XP level 9. HP: 57/89 MP: 8/8
  4183 | D:6      | Found a glowing drain.
  4194 | Sewer    | Entered a sewer
  4227 | Sewer    | Noticed Purgy
  4235 | Sewer    | Killed Purgy
  4518 | D:6      | Found a basalt altar of Yredelemnul.
  5236 | D:7      | Noticed Joseph
  5258 | D:7      | Killed Joseph
  5258 | D:7      | Reached skill level 8 in Unarmed Combat
  5364 | D:7      | Found a staircase to the Ecumenical Temple.
  5566 | Temple   | Entered the Ecumenical Temple
  5780 | D:7      | Found a transporter.
  5787 | D:7      | Noticed a deep elf mage
  5794 | D:7      | Found a hide-covered altar of Uskayaw.
  5794 | D:7      | Found a transporter.
  5947 | D:7      | Reached skill level 1 in Shields
  6570 | D:8      | Noticed a two-headed ogre
  6584 | D:8      | Killed a two-headed ogre
  6584 | D:8      | Reached skill level 9 in Unarmed Combat
  6584 | D:8      | Reached XP level 10. HP: 94/102 MP: 9/9
  6625 | D:8      | Found Angoumas's Book Shoppe.
  6627 | D:8      | Noticed Erica
  6675 | D:8      | Killed Erica
  6756 | D:8      | Noticed a two-headed ogre
  6768 | D:8      | Killed a two-headed ogre
  6790 | D:8      | Found a shattered altar of Ashenzari.
  6943 | D:8      | Found a blossoming altar of Fedhas.
  7467 | D:9      | Paralysed by a hornet for 2 turns
  7472 | D:9      | Reached XP level 11. HP: 65/111 MP: 10/10
  7648 | D:9      | Reached skill level 10 in Unarmed Combat
  7674 | D:9      | Noticed a two-headed ogre
  7696 | D:9      | Killed a two-headed ogre
  7849 | D:9      | Noticed a two-headed ogre
  7864 | D:9      | Killed a two-headed ogre
  8092 | D:9      | Found a staircase to the Lair.
  8173 | D:9      | Got a vibrating lead ring
  8314 | D:9      | Identified the ring "Tifiseh" {+Inv Str+3 Stlth-} (You found it on level 9 of the Dungeon)
  8374 | Lair:1   | Entered Level 1 of the Lair of Beasts
  8522 | Lair:1   | Reached skill level 5 in Shields
  8727 | Lair:1   | Noticed a six-headed hydra
  8741 | Lair:1   | Killed a six-headed hydra
  9708 | Lair:2   | Found a staircase to the Shoals.
  9721 | Lair:2   | Reached skill level 11 in Unarmed Combat
  9776 | Lair:2   | Found a labyrinth entrance.
  9801 | Lab      | Entered a labyrinth
 10510 | Lab      | Noticed a minotaur
 10526 | Lab      | Killed a minotaur
 10526 | Lab      | Reached XP level 12. HP: 83/123 MP: 11/11
 10800 | Lair:2   | Noticed Sonja
 11135 | Lair:2   | Killed Sonja
 12054 | Lair:3   | Reached skill level 10 in Dodging
 12496 | Lair:4   | Reached skill level 10 in Fighting
 12701 | Lair:4   | Noticed a six-headed hydra
 12715 | Lair:4   | HP: 6/126 [six-headed hydra (1)]
 12717 | Lair:4   | HP: 1/126 [six-headed hydra (5)]
 12717 | Lair:4   | Mangled by a six-headed hydra

Skill      XL: |  1  2  3  4  5  6  7  8  9 10 11 12 |
---------------+-------------------------------------+-----
Fighting       | 3 4 5 6 7 8 9 10 | 10.0
Dodging        | 3 4 5 6 7 8 9 10 | 10.0
Unarmed Combat | 4 5 6 7 9 11 | 11.8
Shields        | 2 4 6 7 |  7.1
Stealth        | |  1.0

Action                   |  1- 3 |  4- 6 |  7- 9 | 10-12 || total
-------------------------+-------+-------+-------+-------++-------
Melee: Unarmed           |   115 |   142 |   397 |   602 ||  1256
       Punch             |     1 |       |       |       ||     1
       Flail             |       |       |       |    17 ||    17
Evoke: Wand              |       |       |       |     2 ||     2
  Use: Scroll            |     4 |     1 |    10 |     4 ||    19
       Potion            |     3 |     1 |     4 |     4 ||    12
 Stab: Sleeping          |       |     2 |     3 |     1 ||     6
  Eat: Chunk             |    15 |    12 |    38 |    55 ||   120
       Ration            |       |       |       |     1 ||     1
Armor: Robe              |    35 |    31 |    65 |       ||   131
       Troll leather arm |       |       |    61 |   173 ||   234
Dodge: Dodged            |    55 |    43 |   145 |   245 ||   488
Block: Shield            |       |    32 |   124 |   304 ||   460
